 Dungeon Crawl Stone Soup version 0.22-a0-348-gd16d1391c7 (webtiles) character file.

534 Laan the Chopper (level 7, -2/54 HPs)
             Began as a Formicid Fighter on Apr 9, 2018.
             Was a Follower of the Shining One.
             Slain by Duvessa
             ... wielding a +0 short sword
              (8 damage)
             ... on level 4 of the Dungeon.
             The game lasted 00:07:42 (3024 turns).

Laan the Chopper (Formicid Fighter)                 Turns: 3024, Time: 00:07:42

Health: -2/54      AC:  9    Str: 23    XL:     7   Next: 50%
Magic:  7/7        EV:  6    Int:  7    God:    the Shining One [*.....]
Gold:   97         SH: 10    Dex: 10    Spells: 6/6 levels left

rFire    . . .     SeeInvis +   a - +0 war axe
rCold    . . .     Gourm    .   c - +0 shield
rNeg     . . .     Faith    .   q - +0 chain mail
rPois    .         Spirit   .   (helmet unavailable)
rElec    .         Reflect  .   (no cloak)
rCorr    .         Harm     .   (no gloves)
MR       .....                  (no boots)
Stlth    ..........             (no amulet)
HPRegen  0.18/turn              (no ring)
MPRegen  0.10/turn              (no ring)

@: glowing
A: permanent stasis, dig shafts and tunnels, four strong arms, antennae 3
a: Dig, Shaft Self, Renounce Religion


You were on level 4 of the Dungeon.
You worshipped the Shining One.
The Shining One was aware of your devotion.
You were not hungry.

You visited 1 branch of the dungeon, and saw 5 of its levels.

You collected 97 gold pieces.

Inventory:

Hand Weapons
 a - a +0 war axe (weapon)
Armour
 c - a +0 shield (worn)
 q - a +0 chain mail (worn)
Scrolls
 d - a scroll of enchant armour {unknown}
 e - a scroll of blinking {unknown}
 i - 2 scrolls of teleportation {unknown}
 j - a scroll of fog {unknown}
 m - 2 scrolls of identify {unknown}
 p - 4 scrolls of remove curse {unknown}
 r - a scroll of enchant weapon {unknown}
Potions
 b - a potion of lignification {unknown}
 h - a potion of flight {unknown}
 k - 2 potions of mutation {unknown}
 l - a potion of cancellation {unknown}
 n - a potion of curing {unknown}
 o - a potion of berserk rage {unknown}
Comestibles
 f - 8 rations


   Skills:
 + Level 4.1 Fighting
 * Level 6.5 Axes
 + Level 4.1 Armour
 + Level 4.5 Shields


You had 6 spell levels left.
You didn't know any spells.

Dungeon Overview and Level Annotations

Branches:
Dungeon (5/15)
 Temple: D:4-7

Altars:
Hepliaklqana
Makhleb
Nemelex Xobeh
Ru
Vehumet
Xom
Zin
The Shining One

Annotations:
D:4 Duvessa


Innate Abilities, Weirdness & Mutations

You cannot be hasted, slowed, berserked, paralysed or teleported.
You can dig through walls and to a lower floor.
Your four strong arms can wield two-handed weapons with a shield.
You have a pair of large antennae on your head. (SInv)


Message History

You block Dowan's attack. Duvessa hits you with a short sword.
* * * LOW HITPOINT WARNING * * *
You slash Dowan!
Dowan is almost dead.
You hit Duvessa. Duvessa hits you but does no damage.
Dowan hits you but does no damage.
Duvessa says, "My weaknesses are his strengths!"
Duvessa hits you but does no damage.
You hit Duvessa but do no damage.
Duvessa is severely wounded.
You hit Dowan.
You kill Dowan!
Duvessa screams in rage.
Duvessa goes berserk!
You block Duvessa's attack. x2
You hit Duvessa.
Duvessa is severely wounded.
Duvessa hits you with a short sword!
* * * LOW HITPOINT WARNING * * *
Duvessa hits you with a short sword!
You die...

##..#
##.......##
##.## ##.#
##.....## #.#
#.# ##...## #.#
#.# ##'## #.#
#.# #.# #.# #.#
#.# #.#
#.########.##
#.#
#......e.)..##
#.#
########@....##
#.#
##.....######.#
#.###........#
#.# #.########
#.###.# #.....#
##.####
#######.#
#....##.#


You could see Duvessa (berserk).

Vanquished Creatures
  Sigmund (D:4)
  An ogre (D:4)
  Dowan (D:4)
  A bullfrog skeleton (D:4)
  An orc wizard (D:3)
  Jessica (D:3)
  A worker ant (D:4)
  2 adders (D:3)
  3 adder skeletons (D:4)
  A worm (D:2)
  A dart slug (D:2)
  7 leopard geckos
  3 orcs (D:3)
  15 giant cockroaches
  10 goblins
  6 hobgoblins
  10 jackals
  4 kobolds
  2 quokkas
  3 ball pythons
  4 bats
  4 frilled lizards
  5 rats
87 creatures vanquished.

Notes
Turn   | Place    | Note
-------+----------+-------------------------------------------
     0 | D:1      | Laan the Formicid Fighter began the quest for the Orb.
     0 | D:1      | Reached XP level 1. HP: 18/18 MP: 1/1
    87 | D:1      | Reached XP level 2. HP: 24/24 MP: 2/2
   195 | D:1      | Reached skill level 3 in Axes
   214 | D:1      | Reached XP level 3. HP: 25/29 MP: 3/3
   800 | D:2      | Found a radiant altar of Vehumet.
   815 | D:2      | Found a sparkling altar of Nemelex Xobeh.
  1002 | D:2      | Found a glowing golden altar of the Shining One.
  1033 | D:2      | Became a worshipper of the Shining One
  1172 | D:2      | Reached skill level 4 in Axes
  1172 | D:2      | Reached XP level 4. HP: 35/35 MP: 4/4
  1500 | D:3      | Noticed Jessica
  1515 | D:3      | Killed Jessica
  1520 | D:3      | Found a sacrificial altar of Ru.
  1694 | D:3      | Found a burning altar of Makhleb.
  1694 | D:3      | Found a glowing silver altar of Zin.
  1696 | D:3      | Noticed an angel
  1696 | D:3      | Noticed a green death
  1756 | D:3      | Reached XP level 5. HP: 38/41 MP: 5/5
  1824 | D:3      | Reached skill level 5 in Axes
  2380 | D:4      | Noticed Sigmund
  2385 | D:4      | Reached * piety under the Shining One
  2385 | D:4      | Killed Sigmund
  2385 | D:4      | Reached skill level 6 in Axes
  2385 | D:4      | Reached XP level 6. HP: 48/48 MP: 6/6
  2387 | D:4      | Reached XP level 7. HP: 52/53 MP: 7/7
  2841 | D:4      | Found a hazy altar of Hepliaklqana.
  2842 | D:4      | Found a shimmering altar of Xom.
  2842 | D:4      | Noticed a soldier ant
  2843 | D:4      | Noticed a spectral ugly thing
  2843 | D:4      | Noticed a soldier ant
  3007 | D:5      | Entered Level 5 of the Dungeon
  3007 | D:5      | Noticed Duvessa
  3007 | D:5      | Noticed Dowan
  3023 | D:4      | Killed Dowan
  3024 | D:4      | Slain by Duvessa

Vault maps used:
D:1:      minmay_arrival_three_doors, hangedman_decor_clover_reticule,
          minmay_surrounded
D:2:      tso_metal_star, grunt_temple_overflow_open
D:3:      minmay_roachtagon, grunt_temple_overflow_order_and_chaos_2,
          first_ration, hangedman_ru_absence, uniq_jessica
D:4:      regret_index_temple_of_mockery, uniq_sigmund
D:5:      portal_sewer_entry_f, grunt_gozag_statues, uniq_duvessa

Skill      XL: |  1  2  3  4  5  6  7 |
---------------+----------------------+-----
Axes           | 3 4 6 |  6.5
Shields        | 4 |  4.5
Fighting       | 4 |  4.1
Armour         | 4 |  4.1

Action                   |  1- 3 |  4- 6 |  7- 9 || total
-------------------------+-------+-------+-------++-------
Melee: War axe           |   107 |   126 |    24 ||   257
  Use: Potion            |       |     1 |       ||     1
  Eat: Chunk             |     1 |     4 |     2 ||     7
Armor: Scale mail        |    50 |    17 |       ||    67
       Chain mail        |       |    32 |     9 ||    41
Dodge: Dodged            |    40 |    35 |     6 ||    81
Block: Shield            |    62 |    62 |    17 ||   141

Table legend:
 A = Spawn XP
 B = Non-spawn XP
 C = Spawn XP percentage of total XP
 D = Spawn monster count
 E = Non-spawn monster count
 F = Spawn count percentage of total count
 G = Total turns spent on level
                    A         B        C        D         E        F      G
               +---------+---------+-------+---------+---------+-------+---------
         Total |       0 |     764 |   0.0 |       0 |      87 |   0.0 |  3024
               +---------+---------+-------+---------+---------+-------+---------
           D:1 |       0 |      43 |   0.0 |       0 |      26 |   0.0 |   682
           D:2 |       0 |      39 |   0.0 |       0 |      18 |   0.0 |   800
           D:3 |       0 |     155 |   0.0 |       0 |      30 |   0.0 |   619
           D:4 |       0 |     527 |   0.0 |       0 |      13 |   0.0 |   912
               +---------+---------+-------+---------+---------+-------+---------
